 Dungeon Crawl Stone Soup version 0.23.0-41-g86b089e62c (webtiles) character file.

Game seed: 16184001452103827378

6714 Kisielow the Basher (level 10, -2/88 HPs)
             Began as a Minotaur Fighter on Feb 28, 2019.
             Was a Priest of Okawaru.
             Slain by a spiny frog (7 damage)
             ... on level 1 of the Lair of Beasts.
             The game lasted 00:24:06 (8128 turns).

Kisielow the Basher (Minotaur Fighter)              Turns: 8128, Time: 00:24:07

Health: -2/88      AC: 22    Str: 28    XL:     10   Next: 74%
Magic:  0/13       EV: 11    Int:  5    God:    Okawaru [***...]
Gold:   545        SH: 13    Dex: 15    Spells: 9/9 levels left

rFire    . . .     SeeInvis +   m - +3 flail "Kutamef" {freeze, Str+4}
rCold    . . .     Gourm    .   c - +1 shield
rNeg     . . .     Faith    .   v - +0 plate armour
rPois    +         Spirit   +   j - +2 hat
rElec    .         Reflect  .   t - +1 cloak {rPois}
rCorr    .         Harm     .   y - +0 pair of gloves
MR       .....                  (no boots)
Stlth    ..........             x - amulet of guardian spirit
HPRegen  0.24/turn              k - ring of see invisible
MPRegen  0.13/turn              q - +3 ring of protection

@: agile
A: retaliatory headbutt, horns 2
a: Heroism, Renounce Religion


You were on level 1 of the Lair of Beasts.
You worshipped Okawaru.
Okawaru was most pleased with you.
You were completely stuffed.

You visited 3 branches of the dungeon, and saw 11 of its levels.
You also visited: Sewer.

You collected 545 gold pieces.

Inventory:

Hand Weapons
 m - the +3 flail "Kutamef" (weapon) {freeze, Str+4}
   (You found it on level 1 of the Lair of Beasts)

   It has been specially enchanted to freeze those struck by it, causing extra
   injury to most foes and up to half again as much damage against particularly
   susceptible opponents.
   It can also slow down cold-blooded creatures.
   It affects your strength (+4).
Armour
 c - a +1 shield (worn)
 j - a +2 hat (worn)
 t - a +1 cloak of poison resistance (worn)
 v - a +0 plate armour (worn)
 y - a +0 pair of gloves (worn)
Jewellery
 k - a ring of see invisible (left hand)
 q - a +3 ring of protection (right hand)
 u - an uncursed amulet of the acrobat
 x - an amulet of guardian spirit (around neck)
 E - an uncursed ring of resist corrosion
Wands
 w - a wand of digging (3)
 z - a wand of polymorph (3)
Scrolls
 d - a scroll of magic mapping
 e - 5 scrolls of identify
 h - 5 scrolls of remove curse
 i - 7 scrolls of teleportation
 n - a scroll of blinking
 s - a scroll of fear
 B - 2 scrolls of fog
Potions
 b - 2 potions of cancellation
 r - 3 potions of flight
 F - a potion of ambrosia
Comestibles
 a - 16 chunks of flesh
 f - 9 rations


   Skills:
 - Level 8.0 Fighting
 - Level 11.0 Maces & Flails
 - Level 7.9 Armour
 - Level 8.0 Shields
 + Level 6.3 Invocations
 + Level 5.7 Evocations


You had 9 spell levels left.
You didn't know any spells.
Your spell library contained the following spells:

 Spells                   Type           Power        Failure   Level  Hunger
 Confusing Touch          Hex            #.....       100%        1    ##.....
 Confuse                  Hex            #.......     100%        3    ####...
 Gell's Gravitas          Tloc           #.........   100%        3    ####...
 Petrify                  Tmut/Erth      #.......     100%        4    #####..
 Metabolic Englaciation   Hex/Ice        #.........   100%        5    ######.
 Yara's Violent Unravell  Hex/Tmut       #.........   100%        5    ######.


Dungeon Overview and Level Annotations

Branches:
Dungeon (8/15)             Temple (1/1) D:7            Lair (2/6) D:8
  Swamp: Lair:2-4    Shoals: Lair:2-4     Snake: Lair:2-4    Spider: Lair:2-4

Altars:
Ashenzari
Cheibriados
Dithmenos
Elyvilon
Fedhas
Gozag
Hepliaklqana
Kikubaaqudgha
Makhleb
Nemelex Xobeh
Okawaru
Qazlal
Ru
Sif Muna
Uskayaw
Vehumet
Wu Jian
Xom
Yredelemnul
Zin
The Shining One


Innate Abilities, Weirdness & Mutations

You reflexively headbutt those who attack you in melee.
You have a pair of horns on your head.


Message History

The yak is almost dead.
The yak gores you but does no damage. You block the spiny frog's attack.
You block the water moccasin's attack. The yak gores you!
* * * LOW HITPOINT WARNING * * *
You hit the yak but do no damage. Your headbutt misses the yak.
The yak is almost dead.
You block the water moccasin's attack.
The spiny frog stings you but does no damage.
The yak gores you but does no damage. The yak gores you!
* * * LOW HITPOINT WARNING * * *
You barely miss the yak.
The yak is almost dead.
The water moccasin bites you but does no damage.
The spiny frog stings you!
* * * LOW HITPOINT WARNING * * *
The yak gores you but does no damage. You block the yak's attack.
The water moccasin bites you but does no damage.
You feel agile all of a sudden. The spiny frog stings you!
You die...

# ########## # ##.(......##
## #..###.##..# .# #..#
###..## ## ##.# ##.# ####
#.# #.# ##.########.### ##.#
...##P##.##.#.###Y)#
##.............Y@F.##
###########..####S..#
###.######..#.......###
............#.###...#.######
..###.#####.#.# #..........#
...######P###.# #########..#
..............# ##.#
.############.## ##.# .##
#######...##### #..#


You could see 2 yaks, a spiny frog and a water moccasin.

Vanquished Creatures
  Pikel (D:7)
  An ugly thing (D:7)
  Maurice (D:8)
  Joseph (D:8)
  Psyche (D:8)
  A troll (D:6)
  4 hippogriffs
  Prince Ribbit (D:5)
  2 yaks (Lair:2)
  A hungry ghost (D:7)
  A porcupine (Lair:1)
  Duvessa (D:5)
  2 sky beasts
  2 ice beasts
  A slave (D:7)
  An orc warrior (D:6)
  A necrophage (D:7)
  A phantom (D:8)
  3 ogres
  5 centaurs
  A crocodile (D:8)
  2 big kobolds
  3 bullfrogs
  Dowan (D:5)
  A wyvern skeleton (D:8)
  A scorpion (D:5)
  3 killer bees (D:8)
  A vampire bat (D:5)
  3 howler monkeys (D:4)
  3 crimson imps
  2 jellies
  5 orc priests
  4 hounds
  2 orc wizards
  2 iguanas
  4 worker ants
  A hound zombie (D:8)
  A hound skeleton (D:6)
  4 gnolls
  17 adders
  3 river rats (D:5)
  A shadow imp (D:7)
  9 oozes
  An adder zombie (D:6)
  5 worms
  4 dart slugs
  14 leopard geckos
  15 orcs
  9 bats
  18 giant cockroaches
  11 goblins
  12 hobgoblins
  15 jackals
  18 kobolds
  6 quokkas
  17 ball pythons
  16 frilled lizards
  A quokka skeleton (D:6)
  14 rats
282 creatures vanquished.

Vanquished Creatures (others)
  A black bear (D:8)
  A hound zombie (D:7)
2 creatures vanquished.

Grand Total: 284 creatures vanquished

Notes
Turn   | Place    | Note
-------+----------+-------------------------------------------
     0 | D:1      | Kisielow the Minotaur Fighter began the quest for the Orb.
     0 | D:1      | Reached XP level 1. HP: 19/19 MP: 0/0
    60 | D:1      | Reached skill level 3 in Maces & Flails
   184 | D:1      | Reached XP level 2. HP: 26/26 MP: 1/1
   285 | D:1      | Reached skill level 4 in Maces & Flails
   390 | D:1      | Reached XP level 3. HP: 25/31 MP: 2/2
   657 | D:1      | You fall through a shaft!
   698 | D:2      | Reached skill level 5 in Maces & Flails
   830 | D:2      | Found an ancient bone altar of Kikubaaqudgha.
   951 | D:2      | Reached XP level 4. HP: 37/40 MP: 3/3
  1091 | D:2      | Found a snail-covered altar of Cheibriados.
  1105 | D:2      | Found a radiant altar of Vehumet.
  1160 | D:2      | Found an ornate altar of the Wu Jian Council.
  1186 | D:2      | Found a glowing golden altar of the Shining One.
  2342 | D:3      | Reached XP level 5. HP: 35/46 MP: 4/4
  3049 | D:4      | Found an opulent altar of Gozag.
  3067 | D:4      | Reached skill level 6 in Maces & Flails
  3089 | D:4      | Found a shimmering altar of Xom.
  3091 | D:4      | Noticed an angel
  3094 | D:4      | Found a glowing silver altar of Zin.
  3181 | D:4      | Reached XP level 6. HP: 45/53 MP: 5/5
  3427 | D:4      | Found a sacrificial altar of Ru.
  3428 | D:4      | Found a shattered altar of Ashenzari.
  3754 | D:5      | Entered Level 5 of the Dungeon
  3819 | D:5      | Reached skill level 7 in Maces & Flails
  3819 | D:5      | Reached skill level 5 in Armour
  3819 | D:5      | Reached skill level 5 in Shields
  3819 | D:5      | Reached XP level 7. HP: 47/60 MP: 6/6
  3824 | D:5      | Reached skill level 5 in Fighting
  3825 | D:5      | Noticed Duvessa
  3826 | D:5      | Noticed Dowan
  3835 | D:5      | Killed Duvessa
  3845 | D:5      | Killed Dowan
  3904 | D:5      | Found a glowing drain.
  3910 | Sewer    | Entered a sewer
  4430 | Sewer    | Reached skill level 8 in Maces & Flails
  4663 | D:5      | Noticed Prince Ribbit
  4670 | D:5      | Killed Prince Ribbit
  4670 | D:5      | Reached XP level 8. HP: 70/70 MP: 7/7
  4822 | D:6      | Reached skill level 9 in Maces & Flails
  4941 | D:6      | Noticed a troll
  4958 | D:6      | Killed a troll
  4958 | D:6      | Reached XP level 9. HP: 36/79 MP: 8/8
  5374 | D:6      | Noticed a +0 dagger
  5375 | D:6      | Noticed a +0 hand axe
  5390 | D:6      | Found a hide-covered altar of Uskayaw.
  5567 | D:7      | Found a burning altar of Makhleb.
  5576 | D:7      | Reached skill level 10 in Maces & Flails
  5692 | D:7      | Found a staircase to the Ecumenical Temple.
  5696 | D:7      | Noticed Pikel
  5720 | D:7      | Killed Pikel
  5751 | Temple   | Entered the Ecumenical Temple
  5872 | Temple   | Became a worshipper of Warmaster Okawaru
  5935 | D:7      | Noticed a green ugly thing
  5951 | D:7      | Killed a green ugly thing
  5951 | D:7      | Reached skill level 11 in Maces & Flails
  6017 | D:7      | Reached skill level 1 in Invocations
  6151 | D:7      | Reached skill level 1 in Evocations
  6363 | D:8      | Reached * piety under Okawaru
  6394 | D:8      | Reached XP level 10. HP: 88/88 MP: 9/11
  6429 | D:8      | Noticed Psyche
  6437 | D:8      | Noticed Joseph
  6440 | D:8      | Noticed Maurice
  6469 | D:8      | Killed Psyche
  6522 | D:8      | HP: 3/88 [orc priest/divine providence (12)]
  6941 | D:7      | Reached ** piety under Okawaru
  7005 | D:8      | Killed Joseph
  7024 | D:8      | Killed Maurice
  7024 | D:8      | Reached skill level 5 in Invocations
  7123 | D:8      | Found a stormy altar of Qazlal.
  7124 | D:8      | Found a staircase to the Lair.
  7342 | Lair:1   | Entered Level 1 of the Lair of Beasts
  7372 | Lair:1   | Got an ancient flail
  7373 | Lair:1   | Identified the +3 flail "Kutamef" {freeze, Str+4} (You
                  | found it on level 1 of the Lair of Beasts)
  7569 | Lair:1   | Reached skill level 5 in Evocations
  7835 | Lair:1   | Reached *** piety under Okawaru
  7867 | Lair:1   | Found a deep blue altar of Sif Muna.
  8112 | Lair:2   | Noticed a spiny frog
  8128 | Lair:1   | Slain by a spiny frog

Skill      XL: |  1  2  3  4  5  6  7  8  9 10 |
---------------+-------------------------------+-----
Maces & Flails | 3 4 5 6 7 8 9 11 | 11.0
Armour         | 4 5 6 7 |  7.9
Shields        | 4 5 6 7 8 |  8.0
Fighting       | 4 6 7 8 |  8.0
Invocations    | 2 6 |  6.3
Evocations     | 2 5 |  5.7

Action                   |  1- 3 |  4- 6 |  7- 9 | 10-12 || total
-------------------------+-------+-------+-------+-------++-------
Melee: Flail             |   101 |   227 |   373 |    57 ||   758
       Headbutt          |    13 |    28 |    61 |    27 ||   129
       Whip              |       |       |    78 |   142 ||   220
  Use: Scroll            |       |     7 |    12 |     3 ||    22
       Potion            |       |       |     1 |     6 ||     7
  Eat: Chunk             |       |    21 |    28 |     6 ||    55
Armor: Scale mail        |    38 |   100 |   136 |       ||   274
       Plate armour      |       |       |    60 |   114 ||   174
       Skin              |       |       |       |   124 ||   124
Dodge: Dodged            |    35 |    62 |   136 |    54 ||   287
Block: Shield            |    52 |   100 |   302 |   215 ||   669
